 Dungeon Crawl Stone Soup version 0.25.1-9-gc5326a611f (webtiles) character file.

Game seed: 5305292491746508248

296 Revguard the Slasher (level 6, -3/35 HPs)
             Began as a Tengu Gladiator on Jan 28, 2021.
             Was an Initiate of Fedhas.
             Slain by an iguana (11 damage)
             ... while paralysed by Ijyb
             ... on level 4 of the Dungeon.
             The game lasted 00:10:25 (3738 turns).

Revguard the Slasher (Tengu Gladiator)              Turns: 3738, Time: 00:10:25

Health: -3/35      AC:  7    Str: 15    XL:     6   Next: 35%
Magic:  9/9        EV:  2    Int:  9    God:    Fedhas [......]
Gold:   194        SH:  0    Dex: 16    Spells: 8/8 levels left

rFire    . . .     SeeInvis .   a - +0 long sword
rCold    . . .     Gourm    .   (no shield)
rNeg     . . .     Faith    .   g - +0 scale mail
rPois    .         Spirit   .   c - +0 hat
rElec    .         Reflect  .   k - +0 cloak
rCorr    .         Harm     .   (no gloves)
MR       .....                  (boots unavailable)
Stlth    +.........             (no amulet)
HPRegen  0.11/turn              n - ring of stealth
MPRegen  0.11/turn              (no ring)

@: paralysed, flying quickly and evasively, quick
A: beak, talons 3, able to fly
a: Stop Flying, Renounce Religion


You were on level 4 of the Dungeon.
You worshipped Fedhas.
Fedhas was noncommittal.
You were not hungry.

You visited 1 branch of the dungeon, and saw 4 of its levels.

You collected 194 gold pieces.

Inventory:

Hand Weapons
 a - a +0 long sword (weapon)
 s - a +0 hunting sling
Missiles
 b - 40 sling bullets
 d - a throwing net (quivered)
 m - 75 stones
 q - 9 poisoned darts
Armour
 c - a +0 hat (worn)
 g - a +0 scale mail (worn)
 k - a +0 cloak (worn)
Jewellery
 n - a ring of stealth (left hand)
Wands
 e - a wand of random effects (14)
Scrolls
 i - a scroll of remove curse
 l - 2 scrolls of enchant weapon
Potions
 o - a potion of lignification
Comestibles
 f - 7 rations
 h - a chunk of flesh


   Skills:
 + Level 2.3 Fighting
 + Level 4.8 Long Blades
 + Level 1.6(2.2) Slings
 + Level 2.0(2.4) Throwing
 + Level 2.5 Armour
 * Level 4.7 Dodging
 + Level 0.1 Stealth
 + Level 1.7 Spellcasting


You had 8 spell levels left.
You didn't know any spells.
Your spell library was empty.

Dungeon Overview and Level Annotations

Branches:
Dungeon (4/15)
 Temple: D:4-7

Altars:
Fedhas
Makhleb
Sif Muna
The Shining One

Annotations:
D:4 Ijyb


Innate Abilities, Weirdness & Mutations

You have a beak for a mouth.
You have claws for feet.
You can fly continuously.


Message History

The adder bites you but does no damage.
You hit the adder. Your kick misses the adder.
The adder is severely wounded.
The iguana completely misses you. The adder closely misses you.
The iguana misses you.
You hit the adder.
You kill the adder!
Fedhas accepts your kill.
You hear a zap.
You suddenly lose the ability to move!
The iguana bites you!
You hear the slow rusting of a very distant drain.
The iguana bites you but does no damage.
Something completely misses you.
The iguana bites you but does no damage.
Something hits you but does no damage. The iguana bites you!
Something hits you but does no damage. The iguana bites you!
* * * LOW HITPOINT WARNING * * *
Something hits you but does no damage. The iguana bites you!
You die...
Fedhas appreciates your contribution to the ecosystem.

.........# ###
..........## ##..
...........## ###..#
............##
##..###
.............##
##..##
..............###..##
..............#..###
......l.$.......##
(.?(...@.....#.##
...........###.#
.........### #.#
##...._### #.# ###.##
#.# ## #.. #..


You could see an iguana.

Vanquished Creatures
  An orc wizard (D:3)
  An iguana (D:2)
  9 adders
  8 gnolls
  An ooze (D:1)
  A leopard gecko (D:3)
  5 orcs
  10 giant cockroaches
  8 goblins
  5 hobgoblins
  7 jackals
  5 kobolds
  A ball python (D:1)
  8 bats
  5 frilled lizards
  10 rats
85 creatures vanquished.

Notes
Turn   | Place    | Note
-------+----------+-------------------------------------------
     0 | D:1      | Revguard the Tengu Gladiator began the quest for the Orb.
     0 | D:1      | Reached XP level 1. HP: 12/12 MP: 2/2
     2 | D:1      | Found a runed translucent door.
    22 | D:1      | Reached XP level 2. HP: 11/17 MP: 3/3
   387 | D:1      | Found a glowing golden altar of the Shining One.
   517 | D:1      | Reached XP level 3. HP: 21/21 MP: 3/5
   705 | D:2      | Reached skill level 1 in Spellcasting
  1186 | D:2      | Reached XP level 4. HP: 26/26 MP: 7/7
  1920 | D:2      | Reached skill level 1 in Armour
  2012 | D:2      | Gained mutation: You can fly continuously. [Tengu growth]
  2012 | D:2      | Reached XP level 5. HP: 29/30 MP: 8/8
  2557 | D:3      | Reached skill level 1 in Slings
  2767 | D:3      | Reached XP level 6. HP: 35/35 MP: 9/9
  3474 | D:3      | Found a shimmering blue altar of Sif Muna.
  3474 | D:3      | Found a blossoming altar of Fedhas.
  3508 | D:3      | Became a worshipper of Fedhas Madash
  3716 | D:4      | Found a burning altar of Makhleb.
  3726 | D:4      | Noticed Ijyb
  3733 | D:4      | Paralysed by something for 7 turns
  3738 | D:4      | Slain by an iguana

Illustrated notes

Levels and vault maps discovered:
D:1:      dpeg_arrival_caged_fury, layout_rooms, tso_metal_star
D:2:      layout_loops_ring
D:3:      layout_basic, gammafunk_temple_overflow_pools
D:4:      layout_cave_pods, overflow_temple_1_default,
          minmay_temple_entry_ruins, cheibrodos_sewer_entry_drain,
          minmay_hollow_rounded_squares, uniq_ijyb

Skill      XL: |  1  2  3  4  5 |
---------------+----------------+-----
Spellcasting   | 1 |  1.7
Long Blades    | 4 |  4.8
Dodging        | 4 |  4.7
Armour         | 1 2 |  2.5
Slings         | 1 |  1.6
Fighting       | |  2.3
Throwing       | |  2.0
Stealth        | |  0.1

Action                   |  1- 3 |  4- 6 || total
-------------------------+-------+-------++-------
Melee: Long sword        |    60 |   120 ||   180
       Kick              |    21 |    29 ||    50
       Peck              |    13 |    20 ||    33
 Fire: Hunting sling     |     1 |    59 ||    60
Throw: Throwing net      |       |     6 ||     6
 Abil: Fly               |       |     1 ||     1
  Use: Potion            |       |     4 ||     4
       Scroll            |       |     5 ||     5
  Eat: Chunk             |     1 |     8 ||     9
Armor: Leather armour    |     5 |       ||     5
       Scale mail        |    27 |    42 ||    69
       Skin              |       |    39 ||    39
Dodge: Dodged            |    57 |   106 ||   163
       Rpst.: Long sword |    19 |    28 ||    47
